 Dungeon Crawl Stone Soup version 0.31-a0-981-geadf994542 (console) character file.

Game seed: 11858254400441650844

1482459 Flugkiller the Warrior (level 24, 163/163 HPs)
             Began as a Deep Elf Warper on Oct 31, 2023.
             Was an Initiate of Gozag.
             Escaped with the Orb
             ... and 3 runes!
             The game lasted 04:29:07 (81262 turns).

Flugkiller the Warrior (Deep Elf Warper)           Turns: 81262, Time: 04:29:08

Health: 163/163    AC: 23    Str:  8    XL:     24   Next: 40%
Magic:  48/48      EV: 34    Int: 27    God:    Gozag
Gold:   1937       SH: 10    Dex: 29    Spells: 10/62 levels left

rFire   + . .        u - +3 greatsling "Punk" {acid, rCorr}
rCold   + . .        H - +3 buckler {AC+3}
rNeg    . . .        r - +3 robe "Fopug" {Archmagi}
rPois   +            K - +2 helmet {SInv}
rElec   .            d - scarf of Bitterness {rC+ rF+, Dex+5}
rCorr   +            E - +2 pair of gloves
SInv    +            P - +2 pair of boots
Will    ++...        b - amulet of guardian spirit
Stlth   ++           m - ring "Piezxidd" {rPois AC+4}
HPRegen 0.47/turn    S - +6 ring of dexterity
MPRegen 0.31/turn

%: guardian spirit, archmagi
@: studying Armour, bribing [the Dungeon]
A: no striking features
0: Orb of Zot
}: 3/15 runes: decaying, silver, gossamer
a: Renounce Religion, Potion Petition, Call Merchant, Bribe Branch


You escaped.
You worshipped Gozag.
Gozag was most pleased with you.
You visited 9 branches of the dungeon, and saw 47 of its levels.
You also visited: Sewer, Gauntlet and Desolation.

You collected 25847 gold pieces.
You spent 7224 gold pieces at shops.
You paid 16686 gold pieces to Gozag.

Inventory:

Hand Weapons
 u - the +3 greatsling "Punk" (weapon) {acid, rCorr}
   (You took it off a gnoll sergeant on level 8 of the Dungeon)

   rCorr:     It protects you from acid and corrosion.
Missiles
 e - 5 throwing nets
 A - 4 darts of dispersal
 F - 16 curare-tipped darts
Armour
 d - the scarf of Bitterness (worn) {rC+ rF+, Dex+5}
   (You found it on level 4 of the Spider Nest)

   Dex+5:     It affects your dexterity (+5).
 r - the +3 robe "Fopug" (worn) {Archmagi}
   (You bought it in a shop on level 3 of the Vaults)

   Archmagi:  It increases the power of your magical spells.
 v - the +1 leather armour of Xuteseof {rC+ Will+ Int+3}
   (You bought it in a shop on level 3 of the Vaults)

   Int+3:     It affects your intelligence (+3).
   rC+:       It protects you from cold.
   Will+:     It increases your willpower.
 E - a +2 pair of gloves (worn)
   (You bought it in a shop on level 7 of the Dungeon)
 H - a +3 buckler of protection (worn)
   (You took it off a tengu warrior on level 3 of the Depths)
 K - a +2 helmet of see invisible (worn)
   (You found it on level 7 of the Dungeon)
 P - a +2 pair of boots (worn)
   (You found it on level 8 of the Dungeon)
Jewellery
 b - an amulet of guardian spirit (around neck)
   (You found it on level 7 of the Dungeon)
 c - a ring of protection from cold
   (You found it on level 4 of the Swamp)
 f - the ring of the Three Ultimatums {Contam Fly rPois rF+ rCorr}
   (You took it off a vault guard on level 5 of the Vaults)

   [ring of protection from fire]

   rF+:       It protects you from fire.
   rPois:     It protects you from poison Fly: It grants you flight.
   Contam:    It causes magical contamination when unequipped.
   rCorr:     It protects you from acid and corrosion.
 i - the ring of the Leaf {rF+ Will+ Stlth+}
   (You took it off a hell knight on level 5 of the Vaults)

   [ring of willpower]

   rF+:       It protects you from fire.
   Will+:     It increases your willpower.
   Stlth+:    It makes you more stealthy.
 m - the ring "Piezxidd" (left hand) {rPois AC+4}
   (You bought it in a shop on level 2 of the Orcish Mines)

   [ring of protection]

   AC+4:      It affects your AC (+4).
   rPois:     It protects you from poison
 p - a +4 ring of protection
   (You found it on level 5 of the Realm of Zot)
 B - the ring "Risk" {rN+ Will+ MP+9}
   (You found it on level 3 of the Realm of Zot)

   [ring of magical power]

   rN+:       It protects you from negative energy.
   Will+:     It increases your willpower.
   MP+9:      It affects your magic capacity (+9).
 S - a +6 ring of dexterity (right hand)
   (You found it on level 1 of the Lair of Beasts)
Wands
 g - a wand of digging (20)
   (You found it on level 11 of the Dungeon)
 y - a wand of iceblast (40)
   (You found it on level 4 of the Lair of Beasts)
 J - a wand of charming (34)
   (You found it on level 5 of the Lair of Beasts)
 N - a wand of quicksilver (12)
   (You found it on level 2 of the Elven Halls)
 U - a wand of mindburst (34)
   (You found it on level 9 of the Dungeon)
Scrolls
 j - 5 scrolls of silence
 o - 2 scrolls of enchant armour
 t - 13 scrolls of teleportation
 z - 3 scrolls of blinking
 D - 9 scrolls of poison
 G - 8 scrolls of vulnerability
 M - 6 scrolls of fog
 X - 4 scrolls of fear
 Y - 4 scrolls of immolation
Potions
 a - 8 potions of enlightenment
 h - 3 potions of haste
 k - 12 potions of attraction
 n - 3 potions of resistance
 q - 16 potions of curing
 s - 4 potions of ambrosia
 w - 2 potions of heal wounds
 x - 2 potions of mutation
 C - 4 potions of magic
 L - 5 potions of cancellation
 O - 5 potions of brilliance
 W - 4 potions of invisibility
 Z - 2 potions of lignification
Miscellaneous
 I - a condenser vane
   (You found it on level 1 of the Vaults)
 Q - a lightning rod (4/4)
   (You found it on level 8 of the Dungeon)
 R - a phantom mirror
   (You found it on level 8 of the Dungeon)
 T - a sack of spiders (inert)
   (You found it on level 15 of the Dungeon)
 V - a phial of floods
   (You found it in a Gauntlet)


   Skills:
 - Level 20.0 Fighting
 - Level 8.0 Short Blades
 - Level 14.0 Ranged Weapons
 - Level 1.0 Throwing
 - Level 11.0 Armour
 - Level 20.0 Dodging
 - Level 6.0 Stealth
 - Level 6.0 Shields
 + Level 19.6 Spellcasting
 - Level 5.4 Conjurations
 - Level 14.0 Hexes
 + Level 18.6 Summonings
 - Level 13.0 Translocations
 - Level 7.0 Transmutations
 - Level 8.3 Fire Magic
 + Level 12.8 Evocations


You had 10 spell levels left.
You knew the following spells:

 Your Spells              Type           Power      Damage    Failure   Level
a - Teleport Other        Tloc           98%        N/A       1%          3
b - Volatile Blastmotes   Fire/Tloc      100%       2d18      1%          3
c - Starburst             Conj/Fire      38%        6d11      22%         6
d - Foxfire               Conj/Fire      100%       2x1d9     1%          1
e - Summon Forest         Summ/Tloc      53%        N/A       1%          5
f - Yara's Violent Unrav  Hex/Tmut       45%        3d18      1%          5
g - Summon Mana Viper     Hex/Summ       100%       N/A       1%          5
h - Monstrous Menagerie   Summ           56%        N/A       1%          7
i - Malign Gateway        Summ/Tloc      53%        N/A       3%          7
j - Summon Horrible Thin  Summ           56%        N/A       8%          8
r - Blink                 Tloc           100%       N/A       0%          2

Your spell library contained the following spells:

 Spells                   Type           Power      Damage    Failure   Level
 Summon Small Mammal      Summ           100%       N/A       0%          1
 Call Imp                 Summ           100%       N/A       0%          2
 Jinxbite                 Hex            100%       N/A       0%          2
 Lesser Beckoning         Tloc           100%       N/A       0%          2
 Call Canine Familiar     Summ           100%       N/A       0%          3
 Kiss of Death            Conj/Necr      100%       2d13      1%          1
 Magic Dart               Conj           100%       1d8       1%          1
 Shock                    Conj/Air       100%       1d9       1%          1
 Sting                    Tmut/Pois      100%       1d8       1%          1
 Ensorcelled Hibernation  Hex/Ice        100%       N/A       1%          2
 Momentum Strike          Conj/Tloc      100%       3d10      1%          2
 Passwall                 Tmut/Erth      51%        N/A       1%          2
 Scorch                   Fire           100%       2d9       1%          2
 Searing Ray              Conj           100%       2d8       1%          2
 Static Discharge         Conj/Air       100%       3-8/arc   1%          2
 Wereblood                Tmut           77%        N/A       1%          2
 Confusing Touch          Hex            100%       N/A       1%          3
 Dazzling Flash           Conj/Hex       100%       N/A       1%          3
 Ignite Poison            Fire/Tmut/Pois 69%        N/A       1%          3
 Inner Flame              Hex/Fire       92%        N/A       1%          3
 Sigil of Binding         Hex            100%       N/A       1%          3
 Anguish                  Hex/Necr       38%        N/A       1%          4
 Animate Armour           Summ/Erth      100%       N/A       1%          4
 Dimensional Bullseye     Hex/Tloc       49%        N/A       1%          4
 Flame Wave               Conj/Fire      77%        2d17      1%          4
 Fulminant Prism          Conj/Hex       43%        3d19      1%          4
 Iskenderun's Mystic Bla  Conj/Tloc      86%        2d17      1%          4
 Leda's Liquefaction      Hex/Erth       38%        N/A       1%          4
 Manifold Assault         Tloc           98%        N/A       1%          4
 Passage of Golubria      Tloc           98%        N/A       1%          4
 Sticky Flame             Conj/Fire      77%        2d9       1%          4
 Summon Ice Beast         Ice/Summ       86%        N/A       1%          4
 Summon Lightning Spire   Summ/Air       86%        N/A       1%          4
 Vhi's Electric Charge    Tloc/Air       100%       N/A       1%          4
 Dispersal                Tloc           49%        N/A       1%          6
 Summon Cactus Giant      Summ           56%        N/A       1%          6
 Summon Hydra             Summ           56%        N/A       1%          7
 Freeze                   Ice            100%       1d10      2%          1
 Necrotise                Necr           100%       1d9       2%          1
 Sandblast                Erth           78%        2d17      2%          1
 Hailstorm                Conj/Ice       58%        3d13      2%          3
 Stone Arrow              Conj/Erth      100%       3d13      2%          3
 Cigotuvi's Dreadful Rot  Necr/Pois/Air  78%        N/A       3%          2
 Poisonous Vapours        Pois/Air       78%        N/A       3%          2
 Sublimation of Blood     Necr           39%        N/A       3%          2
 Mephitic Cloud           Conj/Pois/Air  53%        N/A       3%          3
 Metabolic Englaciation   Hex/Ice        38%        N/A       3%          5
 Silence                  Hex/Air        38%        N/A       3%          5
 Irradiate                Conj/Tmut      37%        3d24      4%          5
 Petrify                  Tmut/Erth      62%        N/A       5%          4
 Enfeeble                 Hex            50%        N/A       6%          7
 Frozen Ramparts          Ice            78%        1d12      7%          3
 Ozocubu's Armour         Ice            39%        N/A       7%          3
 Swiftness                Air            39%        N/A       7%          3
 Vampiric Draining        Necr           39%        2d8       7%          3
 Iskenderun's Battlesphe  Conj           71%        2d12      7%          5
 Spellforged Servitor     Conj/Summ      47%        N/A       14%         7
 Airstrike                Air            19%        2d(3-19)  22%         4
 Dispel Undead            Necr           39%        3d16      22%         4
 Olgreb's Toxic Radiance  Pois           39%        N/A       22%         4
 Agony                    Necr           39%        N/A       54%         5
 Borgnjor's Vile Clutch   Necr/Erth      19%        N/A       54%         5
 Lee's Rapid Deconstruct  Erth           19%        3d11*     54%         5
 Plasma Beam              Fire/Air       32%        2x1d45    54%         6
 Disjunction              Tloc           49%        N/A       58%         8
 Eringya's Noxious Bog    Tmut/Pois      31%        4d6       63%         6
 Bombard                  Conj/Erth      29%        9d5       75%         6
 Conjure Ball Lightning   Conj/Air       29%        3x3d8     75%         6
 Orb of Destruction       Conj           35%        9d10      91%         7
 Death Channel            Necr           19%        N/A       98%         6
 Ignition                 Fire           41%        3d12      99%         8
 Ozocubu's Refrigeration  Ice            19%        4d11      100%        7
 Lehudib's Crystal Spear  Conj/Erth      29%        10d8      100%        8
 Maxwell's Capacitive Co  Air            19%        ∞         100%        8
 Simulacrum               Ice/Necr       Unusable   N/A       N/A         6

Dungeon Overview and Level Annotations

Branches:
Dungeon (15/15)            Temple (0/1) D:5            Lair (5/5) D:8
  Swamp (4/4) Lair:3       Spider (4/4) Lair:2        Slime (0/5) Lair:5
    Orc (2/2) D:9             Elf (3/3) Orc:2        Vaults (5/5) D:13
  Crypt (0/3) Vaults:3     Depths (4/4) D:15            Zot (5/5) Depths:4
  Sewer (visited)         Desolation (visited)      Gauntlet (visited)

Altars:
Cheibriados
Dithmenos
Gozag
Hepliaklqana
Kikubaaqudgha
Okawaru
Sif Muna
Trog
Uskayaw
Vehumet
Yredelemnul
Jiyva
Lugonu

Shops:
D:7 !((**(([   D:9 (   D:10 *   Orc:2 [=*[!:   Elf:3 :[   Vaults:3 ((*=?[
Vaults:4 [   Vaults:5 =   Depths:1 !   Depths:4 :[:!

Portals:
Hell: Depths:1 Depths:2 Depths:3 Depths:4
Abyss: Lair:5 Depths:3 Depths:4
Pandemonium: Orc:2 Depths:1 Depths:2 Depths:4
Ziggurat: Depths:1
Trove: Vaults:4 (give +6 demon blade)

Annotations:
D:5 1 runed translucent door, Crazy Yiuf
D:7 2 transporters, Maratek's ghost, novice DsFi
Orc:1 1 runed translucent door, heinrich's ghost, journeyman TrMo
Elf:2 1 transporter, Zoiloeb's ghost, adept CeHu
Zot:5 36 runed doors, totrandom's ghost, veteran MiFi


Message History

The daeva moves out of view.
Unknown command.
(D) Dungeon (T) Temple (L) Lair (S) Swamp (N) Spider Nest (M) Slime Pits (O) Orcish Mines (E) Elven Halls (V) Vaults (C) Crypt (U) Depths (H) Hell (Z) Zot
Where to? (Tab/Enter - D:1 @ (x,y), ? - help)
There is a stone staircase leading up here.
You climb upwards.
There is a stone staircase leading down here.
The demonspawn black sun stares, then turns away, jangling a coin purse.
A blizzard demon and a demonspawn black sun come into view.
The blizzard demon gestures at you.
Unknown command.
Unknown command.
Unknown command.
Press: ? - help, v - describe, . - travel The floor.
This square is covered in magical glow.
There is a cloud of freezing vapour here.
Unknown command.
Unknown command.
Unknown command.
You are engulfed in freezing vapours.
You resist.
Your Executioner is engulfed in freezing vapours. x2
Something hits the demonspawn black sun but does no damage.
Something closely misses the demonspawn black sun.
Your Executioner is engulfed in freezing vapours. x2
Your Executioner gestures.
Your Executioner seems to speed up.
Your Executioner is engulfed in freezing vapours. x2
You feel a bit more experienced.
You feel a bit more experienced.
(D) Dungeon (T) Temple (L) Lair (S) Swamp (N) Spider Nest (M) Slime Pits (O) Orcish Mines (E) Elven Halls (V) Vaults (C) Crypt (U) Depths (H) Hell (Z) Zot
Where to? (Tab/Enter - D:1 @ (x,y), ? - help)
What level of the Dungeon? (default 1, ? - help)
Your Executioner is no longer moving quickly.
The demonspawn warmonger stares, then turns away, jangling a coin purse.
A demonspawn warmonger comes into view.
It is wielding a +2 vampiric demon trident and wearing a +1 kite shield of fire resistance.
Unknown command.
The demonspawn corrupter stares, then turns away, jangling a coin purse.
A demonspawn corrupter comes into view. It is wielding a +0 dire flail.
You now have 1937 gold pieces (gained 16).
You see here a +0 ring mail.
You feel a bit more experienced.
(D) Dungeon (T) Temple (L) Lair (S) Swamp (N) Spider Nest (M) Slime Pits (O) Orcish Mines (E) Elven Halls (V) Vaults (C) Crypt (U) Depths (H) Hell (Z) Zot
Where to? (Tab/Enter - D:1 @ (x,y), ? - help)
Your demonspawn blood saint grins greedily, jangling a coin purse.
A demonspawn blood saint comes into view.
It is wielding a +0 dagger.
Unknown command.
Unknown command.
Unknown command.
Unknown command.
Unknown command.
You swap places.
Your demonspawn blood saint is no longer weakened.
Things that are here:
a +0 dire flail; a +0 ring mail
(D) Dungeon (T) Temple (L) Lair (S) Swamp (N) Spider Nest (M) Slime Pits (O) Orcish Mines (E) Elven Halls (V) Vaults (C) Crypt (U) Depths (H) Hell (Z) Zot
Where to? (Tab/Enter - D:1 @ (x,y), ? - help)
Your demonspawn blood saint seems less drained.
The Brimstone Fiend stares, then turns away, jangling a coin purse.
A Brimstone Fiend comes into view.
Unknown command.
You swap places.
You swap places.
The Orb Guardian stares, then turns away, jangling a coin purse.
An Orb Guardian comes into view.
Aiming: Dig
Press: ? - help, Shift-Dir - straight line This square is covered in magical glow.
The rock shatters into small pieces.
Unknown command.
Your Executioner is no longer moving quickly.
Your demonspawn blood saint says, "It's nice to have friends."
Unknown command.
Your demonspawn blood saint says, "Flugkiller, you are my only friend."
There is a stone staircase leading up here.
You climb upwards.
There is a stone staircase leading down here.
(D) Dungeon (T) Temple (L) Lair (S) Swamp (N) Spider Nest (M) Slime Pits (O) Orcish Mines (E) Elven Halls (V) Vaults (C) Crypt (U) Depths (H) Hell (Z) Zot
Where to? (Tab/Enter - D:1 @ (x,y), ? - help)
What level of the Dungeon? (default 1, ? - help)
Things that are here:
4 stones; a +0 short sword
There is a staircase leading out of the dungeon here.
Unknown command.
Press: ? - help, v - describe, . - travel A staircase leading out of the dungeon.
This square is covered in magical glow.
Unknown command.
Enter note: gg You have escaped!

.....#.# #.# #.## .......#
###### #.# #..#
.....#####....####.# ##.#
.....###.......(##.# #.#
.....##....##....### #.#
##...#............# ##.##
##.##............## #...#
#.......####.....# #...#
#.....### ###...# #...#
#.###.# ##..# ##.##
#.##..### ###@..# #.#
###.##....####.....# #.#
#....#............#####.###
#.#.##............# #.....#
#.#####....##....####J....#
#.# ##........##........#
#.# ###....####.##.....#
#.# #######.#.##.....# #.#
#...######## #.# ##..# #.#
#..#


There were no monsters in sight!

Vanquished Creatures
  Mennas (Vaults:2)
  A juggernaut (Depths:4)
  Sojobo (Vaults:5)
  Vv (Depths:3)
  Saint Roka (Vaults:2)
  Frederick (Vaults:5)
  Bai Suzhen (Elf:3)
  A curse toe (Zot:4)
  A caustic shrike (Depths:2)
  4 golden dragons
  A bone dragon (Zot:4)
  Norris (Elf:1)
  3 tentacled monstrosities
  Rupert (D:15)
  4 Orb Guardians
  3 liches
  Zenata (Vaults:3)
  A quicksilver dragon (Zot:4)
  3 sphinxes
  2 deep elf blademasters (Elf:3)
  4 titans (Vaults:5)
  3 deep elf master archers (Elf:3)
  3 thorn hunters
  Aizul (Elf:1)
  6 shadow dragons
  6 storm dragons
  A draconian monk (Zot:4)
  5 tengu reavers
  9 fire giants
  5 emperor scorpions
  7 frost giants
  A fenstrider witch (Swamp:4)
  An iron dragon (Vaults:5)
  2 imperial myrmidons (Desolation)
  A draconian knight (Zot:4)
  19 vault wardens
  6 deep elf sorcerers
  A ghost moth (shapeshifter) (Vaults:5)
  A draconian scorcher (Depths:4)
  2 balrugs (Depths:4)
  10 ghost moths
  Louise (D:15)
  2 orc warlords (Vaults:2)
  3 deep elf elementalists (Elf:3)
  2 war gargoyles (Vaults:5)
  5 broodmothers
  A quicksilver ooze (Gauntlet)
  A spriggan defender (Depths:2)
  A formless jellyfish (shapeshifter) (Vaults:5)
  22 ironbound preservers
  A draconian annihilator (Zot:4)
  4 formless jellyfish
  A vampire knight (Depths:2)
  12 stone giants
  14 very ugly things
  8 ironbound thunderhulks
  4 green draconians (Zot:4)
  6 black draconians
  3 yellow draconians (Zot:4)
  5 deep elf demonologists (Elf:3)
  2 purple draconians
  A red draconian (Depths:4)
  2 eleionomae (Swamp:1)
  2 halazid warlocks (Desolation)
  A white draconian (Zot:4)
  7 deep elf annihilators
  5 bunyips
  A blizzard demon (Zot:4)
  Snorg (Orc:1)
  3 spark wasps
  7 ettins
  2 crystal guardians (Desolation)
  Josephine (D:11)
  8 deep elf death magi
  4 deep elf high priests (Vaults:5)
  8 fire dragons
  6 great orbs of eyes
  12 yaktaur captains
  2 entropy weavers
  6 ragged hierophants (Desolation)
  22 hydras
  5 servants of whispers (Desolation)
  42 vault guards
  2 shambling mangroves (Swamp:4)
  2 rakshasas (Depths:2)
  2 demonspawn (Orc:2)
  5 ice dragons
  8 alligators
  A hell beast (Depths:1)
  3 radroaches
  4 nameless horrors
  3 peacekeepers (Desolation)
  A catoblepas (shapeshifter) (Vaults:5)
  3 ironbound frosthearts
  An ogre mage (Vaults:5)
  A spriggan air mage (Depths:4)
  3 ghost crabs
  12 dancing weapons
  A death knight (D:13)
  4 boulder beetles
  16 centaur warriors
  2 vampire magi
  9 two-headed ogres
  Urug (Lair:3)
  2 tengu warriors
  3 demonic crawlers
  3 thrashing horrors (Lair:5)
  5 orc high priests (Orc:2)
  5 deep troll earth magi
  3 spriggan berserkers
  8 hell knights (Vaults:5)
  5 occultists
  3 iron trolls
  8 deep elf knights
  4 sun demons
  A fire crab (shapeshifter) (Lair:5)
  4 pharaoh ants (Spider:3)
  3 goliath frogs
  4 skysharks
  3 sun moths
  46 deep trolls
  2 flayed ghosts
  7 orb spiders
  11 swamp dragons
  A tengu zombie (Vaults:5)
  12 lindwurms
  8 deep elf archers
  Pikel (D:4)
  5 bog bodies
  2 glowing orange brains
  6 steelbarb worms
  2 harpies
  6 orc knights
  18 ironbound convokers
  25 deep elf pyromancers
  19 deep elf zephyrmancers
  4 necromancers
  19 wolf spiders
  4 arcanists
  6 orc sorcerers (Orc:2)
  30 ugly things
  9 cyclopes
  A manticore (shapeshifter) (D:14)
  3 manticores
  An elephant (shapeshifter) (Lair:5)
  12 moths of wrath
  16 elephants
  2 rust devils
  9 vault sentinels
  2 torpor snails
  4 black mambas
  2 gargoyles
  3 guardian serpents (Desolation)
  2 smoke demons (Lair:5)
  A torpor snail (shapeshifter) (Vaults:5)
  9 cane toads
  27 yaktaurs
  A kobold demonologist (D:14)
  12 komodo dragons
  5 freezing wraiths
  A human zombie (Vaults:3)
  2 unseen horrors
  5 rime drakes
  An ice devil (Orc:2)
  An efreet (D:15)
  2 minotaur zombies (Gauntlet)
  4 tengu conjurers
  A red devil (Orc:2)
  A merfolk (shapeshifter) (Vaults:5)
  A polar bear (Lair:3)
  6 meliai
  7 trolls
  A meliai (shapeshifter) (D:14)
  6 tyrant leeches
  A bloated husk (Swamp:1)
  9 hornets
  19 tarantellas
  A raiju (Lair:5)
  31 blink frogs
  31 saltlings (Desolation)
  A human simulacrum (Vaults:5)
  Prince Ribbit (D:5)
  6 dream sheep (Lair:4)
  8 slime creatures
  16 jumping spiders
  A shadow (D:12)
  3 air elementals (Elf:2)
  5 spriggans
  5 fire elementals
  7 wraiths
  10 culicivoras
  2 fire bats (Depths:1)
  4 water elementals
  A ynoxinul (Lair:5)
  A vampire (D:12)
  5 wyverns
  70 yaks
  10 basilisks
  2 chaos spawn (Lair:5)
  16 vampire mosquitoes
  12 large abominations
  38 redbacks
  5 wargs
  A steam dragon (D:8)
  17 swamp worms
  An acid dragon (D:13)
  14 water moccasins
  31 orc warriors
  An ice beast (D:7)
  2 swamp drakes (Swamp:4)
  3 sky beasts
  A glowing shapeshifter skeleton (Vaults:3)
  3 boggarts (Vaults:2)
  20 wolves
  2 ogres (Orc:1)
  3 human skeletons
  16 small abominations
  11 centaurs
  3 lemures
  A phantom (D:5)
  12 bullfrogs
  4 kobold brigands
  A bullfrog (shapeshifter) (Vaults:5)
  2 earth elementals
  4 elf zombies (Elf:2)
  6 scorpions
  2 gnoll sergeants (D:8)
  14 killer bees
  A howler monkey (shapeshifter) (D:12)
  3 howler monkeys
  3 electric eels (Lair:3)
  2 hounds
  16 orc priests
  3 gnoll boudas
  An iguana (D:4)
  A sleepcap (D:5)
  Ijyb (D:5)
  Natasha (thrice) (D:4)
  17 orc wizards
  2 scorpion zombies (D:3)
  A malarious merfolk avatar (Sewer)
  A sickly merfolk siren (Sewer)
  7 hell rats (Lair:4)
  18 gnolls
  10 adders
  5 river rats (Sewer)
  6 ufetubi
  A worm (D:5)
  3 dart slugs
  71 orcs
  8 endoplasms
  8 giant cockroaches
  8 goblins
  8 hobgoblins
  3 jackals (D:1)
  9 quokkas
  16 ball pythons
  6 bats
  6 frilled lizards
  26 kobolds
  23 rats
  2 butterflies (Lair:5)
1710 creatures vanquished.

Vanquished Creatures (collateral kills)
  An ancient lich (Zot:5)
  A dread lich (Vaults:5)
  An orb of fire (Zot:4)
  the Lernaean hydra (Swamp:4)
  A curse toe (Zot:4)
  2 golden dragons
  Arachne (Spider:4)
  A Brimstone Fiend (Zot:4)
  2 electric golems (Zot:4)
  3 tentacled monstrosities (Zot:4)
  16 Orb Guardians
  A titan (Vaults:5)
  Asterion (Spider:3)
  2 death cobs (Zot:4)
  A deep elf blademaster (Elf:3)
  2 tengu reavers
  A shadow dragon (Zot:1)
  2 storm dragons (Zot:4)
  2 frost giants
  7 vault wardens
  4 emperor scorpions (Spider:4)
  A ghost moth (Zot:4)
  A demonspawn blood saint (Zot:4)
  3 very ugly things (Depths:2)
  A demonspawn corrupter (Zot:4)
  4 ironbound preservers
  2 draconian stormcallers (Zot:4)
  A broodmother (Spider:4)
  A stone giant (Depths:2)
  2 black draconians (Zot:4)
  2 green draconians (Zot:4)
  3 purple draconians
  2 yellow draconians (Zot:4)
  A spark wasp (Spider:4)
  A dire elephant (Gauntlet)
  2 white draconians (Zot:4)
  A red draconian (Zot:4)
  A blizzard demon (D:2)
  A deep elf death mage (Vaults:5)
  A fire dragon (Depths:4)
  A ragged hierophant (Desolation)
  2 deep elf high priests
  A yaktaur captain (Vaults:5)
  An ice dragon (Depths:3)
  An entropy weaver (Spider:3)
  2 hydras (Swamp:4)
  2 peacekeepers (Desolation)
  6 vault guards
  An ironbound frostheart (Vaults:4)
  2 deep troll shamans
  A tengu warrior (Depths:3)
  2 demonic crawlers
  3 deep troll earth magi
  A vampire mage (Depths:2)
  2 spriggan berserkers
  An iron troll (Depths:3)
  A pharaoh ant (Spider:3)
  A goliath frog (Swamp:2)
  2 cherubim (Zot:4)
  7 deep trolls
  A shadow demon (D:2)
  2 orb spiders (Spider:4)
  2 harpies (D:13)
  3 ironbound convokers
  A phantasmal warrior (Vaults:5)
  A lindwurm (Swamp:4)
  7 wolf spiders
  3 ugly things (Depths:2)
  4 nameless horrors
  4 vault sentinels
  5 moths of wrath
  2 smoke demons
  A torpor snail (Spider:4)
  5 yaktaurs
  A komodo dragon (shapeshifter) (Vaults:2)
  A golden dragon simulacrum (Vaults:5)
  A red devil (Depths:2)
  2 tyrant leeches (Swamp:1)
  2 hornets (Swamp:4)
  6 saltlings (Desolation)
  4 tarantellas
  A water elemental (Depths:3)
  6 jumping spiders
  7 culicivoras
  A ynoxinul (Zot:4)
  10 redbacks
  4 vampire mosquitoes (Swamp:2)
  An orc warrior (Vaults:5)
  A gnoll sergeant (D:5)
  An electric eel (Spider:4)
  A gnoll (D:5)
  An orc (Vaults:5)
216 creatures vanquished.

Vanquished Creatures (others)
  An ancient lich (Zot:5)
  A dread lich (Zot:5)
  A Killer Klown (Zot:5)
  An electric golem (Zot:5)
  2 Orb Guardians (Zot:5)
  10 eldritch tentacles
  A balrug (Zot:4)
  A demonspawn black sun (D:2)
  A black draconian (Zot:5)
  A purple draconian (Zot:5)
  A soul eater (Depths:1)
  A deep elf knight (Vaults:5)
  A vault sentinel (Vaults:5)
  A bloated husk (Swamp:2)
  A saltling (Desolation)
  A blink frog (Lair:5)
  A water elemental (Elf:1)
  An air elemental (Elf:1)
  6 foxfires (D:10)
  14 snaplasher vines
48 creatures vanquished.

Grand Total: 1974 creatures vanquished

Notes
Turn   | Place    | Note
-------+----------+-------------------------------------------
     0 | D:1      | Flugkiller the Deep Elf Warper began the quest for the Orb.
     0 | D:1      | Reached XP level 1. HP: 12/12 MP: 6/6
   175 | D:1      | Reached skill level 1 in Stealth
   275 | D:1      | Reached XP level 2. HP: 17/17 MP: 8/8
   278 | D:1      | Learned a level 2 spell: Blink
  1144 | D:1      | Reached XP level 3. HP: 17/21 MP: 9/9
  1248 | D:1      | Learned a level 3 spell: Teleport Other
  1895 | D:2      | Reached XP level 4. HP: 23/26 MP: 10/10
  1934 | D:2      | Reached skill level 5 in Translocations
  2571 | D:3      | Reached XP level 5. HP: 29/31 MP: 11/11
  2932 | D:3      | Found a glowing drain.
  2940 | Sewer    | Entered a sewer
  3494 | Sewer    | Learned a level 3 spell: Volatile Blastmotes
  3601 | Sewer    | Reached XP level 6. HP: 36/36 MP: 12/12
  3991 | D:3      | Identified the +6 whip "Anaorexzuff" {speed, Dex+2}
  4346 | D:3      | Found a basalt altar of Yredelemnul.
  4592 | D:4      | Noticed Natasha
  4851 | D:4      | Noticed Pikel
  5126 | D:4      | Reached skill level 1 in Evocations
  5332 | D:4      | Killed Pikel
  5333 | D:4      | Reached XP level 7. HP: 29/41 MP: 10/13
  5374 | D:4      | Found a snail-covered altar of Cheibriados.
  6140 | D:4      | Killed Natasha
  6442 | D:4      | Reached XP level 8. HP: 39/46 MP: 14/14
  6586 | D:4      | Noticed Natasha
  6594 | D:4      | Killed Natasha
  6595 | D:4      | Reached skill level 5 in Short Blades
  6612 | D:4      | Noticed Natasha
  6624 | D:4      | Killed Natasha
  6679 | D:4      | Found a snail-covered altar of Cheibriados.
  7066 | D:5      | Entered Level 5 of the Dungeon
  7094 | D:5      | Reached skill level 5 in Dodging
  7190 | D:5      | Noticed Ijyb
  7224 | D:5      | Killed Ijyb
  7228 | D:5      | I'm so dumb
  7877 | D:5      | Found a runed translucent door.
  7878 | D:5      | Noticed Crazy Yiuf
  7947 | D:5      | Found a shimmering blue altar of Sif Muna.
  7957 | D:5      | Found an opulent altar of Gozag.
  7961 | D:5      | Found a shadowy altar of Dithmenos.
  7966 | D:5      | Became a worshipper of Gozag Ym Sagoz the Greedy
  7998 | D:5      | Found a hide-covered altar of Uskayaw.
  8407 | D:5      | Found a staircase to the Ecumenical Temple.
  8407 | D:5      | Noticed Prince Ribbit
  8413 | D:5      | Killed Prince Ribbit
  8975 | D:6      | Reached XP level 9. HP: 49/52 MP: 6/15
  9712 | D:6      | Noticed a two-headed ogre
  9755 | D:6      | Killed a two-headed ogre
  9756 | D:6      | Reached skill level 5 in Fighting
 10031 | D:6      | Reached skill level 5 in Fire Magic
 11099 | D:7      | Found Doqis's Armour Shop.
 11100 | D:7      | Found Boora's General Store.
 11100 | D:7      | Found Naufeuxi's Antique Weapon Emporium.
 11101 | D:7      | Found Aser's Weapon Shoppe.
 11109 | D:7      | Bought a potion of curing for 33 gold pieces
 11118 | D:7      | Bought a +0 pair of gloves for 45 gold pieces
 11158 | D:7      | Found Duoskaud's Assorted Antiques.
 11300 | D:7      | Bought a scroll labelled COSIRUH NOCESI for 32 gold pieces
 11300 | D:7      | Bought a tapered bone wand for 128 gold pieces
 11300 | D:7      | Bought a scroll labelled MEMI OVVAHIURGH for 32 gold pieces
 11333 | D:7      | Found Ituuxtop's Weapon Boutique.
 11343 | D:7      | Found Montat's Weapon Shop.
 11367 | D:7      | Noticed a troll
 11374 | D:7      | Found a bloodstained altar of Trog.
 11382 | D:7      | Found a transporter.
 11388 | D:7      | Noticed a moth of wrath
 11411 | D:7      | Found a transporter.
 11438 | D:7      | Noticed Maratek's ghost (novice DsFi)
 11670 | D:7      | Reached skill level 5 in Evocations
 11670 | D:7      | Reached XP level 10. HP: 59/59 MP: 12/16
 11719 | D:7      | Found Zijexip's Distillery.
 11727 | D:7      | Bought a potion of heal wounds for 70 gold pieces
 11727 | D:7      | Bought a potion of resistance for 140 gold pieces
 11727 | D:7      | Bought a potion of cancellation for 112 gold pieces
 11952 | D:7      | Found Montat's Weapon Shop.
 11971 | D:7      | Found Ituuxtop's Weapon Boutique.
 11973 | D:7      | Found Duoskaud's Assorted Antiques.
 11996 | D:7      | Found Doqis's Armour Shop.
 11997 | D:7      | Found Boora's General Store.
 11997 | D:7      | Found Naufeuxi's Antique Weapon Emporium.
 11998 | D:7      | Found Aser's Weapon Shoppe.
 12140 | D:7      | Found a transporter.
 12144 | D:7      | Found a transporter.
 12145 | D:7      | Found a bloodstained altar of Trog.
 12397 | D:7      | Found Zijexip's Distillery.
 12461 | D:7      | Bought a scroll of blinking for 82 gold pieces
 12461 | D:7      | Bought a scroll of fog for 44 gold pieces
 12772 | D:8      | Reached skill level 5 in Spellcasting
 12839 | D:7      | Reached skill level 1 in Conjurations
 12955 | D:7      | Found a bloodstained altar of Trog.
 12998 | D:7      | Found a transporter.
 13002 | D:7      | Found a transporter.
 13044 | D:7      | Found Zijexip's Distillery.
 13081 | D:7      | Found Montat's Weapon Shop.
 13119 | D:7      | Found Duoskaud's Assorted Antiques.
 13138 | D:7      | Found Doqis's Armour Shop.
 13139 | D:7      | Found Aser's Weapon Shoppe.
 13139 | D:7      | Found Naufeuxi's Antique Weapon Emporium.
 13140 | D:7      | Found Boora's General Store.
 13380 | D:7      | Found Ituuxtop's Weapon Boutique.
 13562 | D:7      | Found a transporter.
 13565 | D:7      | Found a transporter.
 13566 | D:7      | Found a bloodstained altar of Trog.
 13601 | D:7      | Found Montat's Weapon Shop.
 13620 | D:7      | Found Ituuxtop's Weapon Boutique.
 13622 | D:7      | Found Duoskaud's Assorted Antiques.
 13645 | D:7      | Found Doqis's Armour Shop.
 13646 | D:7      | Found Boora's General Store.
 13646 | D:7      | Found Naufeuxi's Antique Weapon Emporium.
 13647 | D:7      | Found Aser's Weapon Shoppe.
 13708 | D:7      | Found Zijexip's Distillery.
 14466 | D:8      | Learned a level 6 spell: Starburst
 14892 | D:8      | Noticed a seven-headed hydra
 15077 | D:8      | Noticed a two-headed ogre
 15085 | D:8      | Noticed a five-headed hydra
 15141 | D:8      | Killed a two-headed ogre
 15176 | D:8      | Identified the +7 scale mail of Vehumet's Envy {rF+}
 15177 | D:8      | WTF
 15199 | D:8      | Reached skill level 5 in Conjurations
 15227 | D:8      | Reached skill level 1 in Ranged Weapons
 15414 | D:8      | Killed a seven-headed hydra
 15415 | D:8      | Reached skill level 5 in Ranged Weapons
 15567 | D:8      | Reached XP level 11. HP: 53/63 MP: 16/20
 15628 | D:8      | Identified the +3 robe of Piedyh {+Inv Will+}
 15703 | D:8      | Killed a five-headed hydra
 15964 | D:8      | Found a staircase to the Lair.
 15991 | D:8      | Learned a level 1 spell: Foxfire
 16172 | D:8      | Upgraded the game from 0.31-a0-978-g1e143483b6 to
                  | 0.31-a0-981-geadf994542
 16187 | D:14     | Identified the of Toyxtuel
 16187 | Lair:1   | Entered Level 1 of the Lair of Beasts
 16228 | D:9      | Found Zeineg's Antique Weapon Emporium.
 16343 | D:9      | Found a staircase to the Orcish Mines.
 16966 | D:10     | Entered Level 10 of the Dungeon
 17409 | D:10     | Identified the +1 leather armour "Putsutux" {rElec rF+
                  | Will- Dex+7}
 17429 | D:10     | Found a hazy altar of Hepliaklqana.
 17507 | D:10     | Identified the +6 quarterstaff of Mimuwnem {venom, rPois
                  | Will+ Str+3}
 17555 | D:10     | Reached skill level 10 in Ranged Weapons
 17714 | D:10     | Found Apty's General Store.
 18089 | D:11     | Found a gate leading to a gauntlet.
 18089 | D:11     | Noticed a cyan ugly thing
 18099 | D:11     | Killed a cyan ugly thing
 18126 | Gauntlet | Entered a Gauntlet
 18126 | Gauntlet | Found a transporter.
 18138 | Gauntlet | Found a transporter.
 18139 | Gauntlet | Found a transporter.
 18139 | Gauntlet | Found a transporter.
 18147 | Gauntlet | Found a transporter.
 18150 | Gauntlet | Found a transporter.
 18151 | Gauntlet | Found a transporter.
 18153 | Gauntlet | Noticed a dire elephant
 18160 | Gauntlet | Found a transporter.
 18163 | Gauntlet | Found a transporter.
 18164 | Gauntlet | Found a transporter.
 18166 | Gauntlet | Noticed a quicksilver ooze
 18176 | Gauntlet | Found a transporter.
 18176 | Gauntlet | Found a transporter.
 18177 | Gauntlet | Found a transporter.
 18188 | Gauntlet | Found a transporter.
 18248 | Gauntlet | Found a runed translucent door.
 18631 | Gauntlet | Killed a dire elephant
 18877 | Gauntlet | Identified the amulet "Urchuedy" {Faith Int+2}
 18881 | Gauntlet | Killed a quicksilver ooze
 18882 | Gauntlet | Reached XP level 12. HP: 42/68 MP: 12/21
 18982 | Gauntlet | Found the +8 Wrath of Trog {antimagic, *Rage Rampage}
 19029 | Gauntlet | Noticed a minotaur
 19553 | D:11     | Noticed Josephine
 19563 | D:11     | Killed Josephine
 19755 | D:11     | Noticed a two-headed ogre
 19764 | D:11     | Killed a two-headed ogre
 21033 | Lair:1   | Reached skill level 10 in Dodging
 21873 | Lair:1   | Reached skill level 1 in Shields
 22354 | Lair:2   | Identified the "Xemorar"
 22404 | Lair:2   | Noticed a six-headed hydra
 22416 | Lair:2   | Killed a six-headed hydra
 22506 | Lair:2   | Found a hole to the Spider Nest.
 22506 | Lair:2   | Noticed a four-headed hydra
 22515 | Lair:2   | Killed a four-headed hydra
 22516 | Lair:2   | Reached XP level 13. HP: 79/79 MP: 22/22
 23616 | Lair:3   | Noticed Urug
 23630 | Lair:3   | Killed Urug
 23933 | Lair:3   | Reached skill level 5 in Shields
 24472 | Lair:3   | Reached skill level 10 in Fighting
 24474 | Lair:3   | Found a staircase to the Swamp.
 25308 | Lair:4   | Reached XP level 14. HP: 88/88 MP: 26/26
 25626 | Lair:5   | Entered Level 5 of the Lair of Beasts
 25907 | Lair:5   | Found a staircase to the Slime Pits.
 25933 | Lair:5   | Found a viscous altar of Jiyva.
 26024 | Lair:5   | Reached skill level 5 in Stealth
 26783 | Lair:5   | Identified the +2 dire flail "Neezei" {freeze, Will+ Str+2
                  | Dex+3}
 26994 | Lair:5   | Found a corrupted altar of Lugonu.
 26994 | Lair:5   | Found a one-way gate to the infinite horrors of the Abyss.
 28548 | D:13     | Reached XP level 15. HP: 81/96 MP: 22/27
 28649 | D:13     | Found a gate to the Vaults.
 29066 | D:13     | Reached skill level 15 in Dodging
 29778 | D:14     | You fall into a shaft and drop 1 floor!
 29778 | D:15     | Entered Level 15 of the Dungeon
 29903 | D:15     | Noticed Louise
 29972 | D:15     | Killed Louise
 30257 | D:15     | Found a staircase to the Depths.
 30503 | D:15     | Noticed Rupert
 30520 | D:15     | Killed Rupert
 31266 | D:14     | Reached skill level 1 in Summonings
 31429 | D:14     | Paralysed by a hornet for 3 turns
 31715 | D:14     | Learned a level 5 spell: Summon Forest
 31844 | Orc:1    | Entered Level 1 of the Orcish Mines
 31913 | Orc:1    | Noticed Snorg
 31924 | Orc:1    | Killed Snorg
 32098 | Orc:1    | Found a runed translucent door.
 32098 | Orc:1    | Noticed heinrich's ghost (journeyman TrMo)
 32118 | Orc:2    | Entered Level 2 of the Orcish Mines
 32118 | Orc:2    | Found a staircase to the Elven Halls.
 32366 | Orc:2    | Found Liac's General Store.
 32426 | Orc:2    | Found Agywin's Distillery.
 32439 | Orc:2    | Reached skill level 5 in Summonings
 32572 | Orc:2    | Bought a potion of ambrosia for 104 gold pieces
 32572 | Orc:2    | Bought a potion of mutation for 104 gold pieces
 32742 | Orc:2    | Reached XP level 16. HP: 106/106 MP: 28/28
 33209 | Orc:2    | Found Ecoj's Book Shoppe.
 33209 | Orc:2    | Found Zanil's Antique Armour Emporium.
 33214 | Orc:2    | Found a one-way gate leading to the halls of Pandemonium.
 33295 | Orc:2    | Bought Ozocubu's Autobiography for 384 gold pieces
 33438 | D:7      | Bought a +0 cloak of willpower for 115 gold pieces
 33551 | Orc:2    | Bought the ring "Piezxidd" {rPois AC+4} for 944 gold pieces
 33685 | Swamp:1  | Entered Level 1 of the Swamp
 34224 | Swamp:1  | Reached skill level 10 in Summonings
 34440 | Swamp:1  | Learned a level 5 spell: Yara's Violent Unravelling
 35256 | Swamp:1  | Reached skill level 1 in Hexes
 35256 | Swamp:1  | Reached skill level 1 in Transmutations
 35555 | Swamp:2  | Noticed a thorn hunter
 35567 | Swamp:2  | Killed a thorn hunter
 35807 | Swamp:2  | Noticed a thorn hunter
 35817 | Swamp:2  | Killed a thorn hunter
 36010 | Swamp:3  | Noticed a thorn hunter
 36019 | Swamp:3  | Killed a thorn hunter
 36096 | Swamp:3  | Reached skill level 5 in Hexes
 36460 | Swamp:4  | Entered Level 4 of the Swamp
 36574 | Swamp:4  | Reached skill level 5 in Transmutations
 36641 | Swamp:4  | Reached skill level 10 in Spellcasting
 36749 | Swamp:4  | Noticed the 27-headed Lernaean hydra
 36757 | Swamp:4  | Killed the 27-headed Lernaean hydra
 36758 | Swamp:4  | Reached XP level 17. HP: 110/111 MP: 27/33
 37276 | Swamp:4  | Got a decaying rune of Zot
 37520 | Spider:1 | Entered Level 1 of the Spider Nest
 37687 | Spider:1 | You fall into a shaft and drop 1 floor!
 38055 | Spider:2 | Reached skill level 10 in Hexes
 40691 | Spider:4 | Entered Level 4 of the Spider Nest
 40691 | Spider:4 | Noticed Asterion
 40738 | Spider:4 | Noticed Arachne
 41009 | Desolati | Identified the "Acyhinu"
 41009 | Vaults:4 | Identified the of Okip
 41009 | Vaults:5 | Identified the "Dilaif"
 41009 | WizLab   | Identified the "Macinied"
 41009 | Crypt:3  | Identified the "Hichuabb"
 41009 | Crypt:3  | Identified the "Qaple"
 41009 | Crypt:3  | Identified the of Qeddami
 41009 | Depths:1 | Identified the of Ramyuse
 41009 | Depths:3 | Identified the of Cajol
 41009 | Depths:3 | Identified the of Utseje
 41009 | Depths:3 | Identified the "Finlyde"
 41009 | Depths:3 | Identified the "Dekkekhy"
 41009 | Elf:1    | Identified the "Mylokh"
 41009 | Elf:1    | Entered Level 1 of the Elven Halls
 41512 | Elf:1    | Noticed Norris
 41530 | Elf:1    | Killed Norris
 41892 | Elf:1    | Identified the serpent talisman of Birdsong {rF+ Str+3}
 41892 | Elf:1    | Noticed Aizul
 41906 | Elf:1    | Killed Aizul
 42261 | Elf:1    | Reached XP level 18. HP: 116/116 MP: 36/36
 42468 | Elf:2    | Identified the "Gumiloty"
 42468 | Elf:2    | Identified the "Rueptent"
 42938 | Elf:2    | Paralysed by an air elemental for 1 turns
 43122 | Elf:2    | Identified a scroll of acquirement
 43142 | Elf:2    | Noticed Zoiloeb's ghost (adept CeHu)
 43147 | Elf:2    | Noticed a hellephant
 43152 | Elf:2    | Found a transporter.
 43549 | Elf:3    | Identified the "Rixim"
 43549 | Elf:3    | Identified the of Qiururuu
 43549 | Elf:3    | Identified the "Cesmenug"
 43549 | Elf:3    | Identified the of Zecav
 43549 | Elf:3    | Identified the "Rukanye"
 43549 | Elf:3    | Identified the "Obun"
 43549 | Elf:3    | Entered Level 3 of the Elven Halls
 43549 | Elf:3    | Noticed Bai Suzhen
 43565 | Elf:3    | Killed Bai Suzhen
 43566 | Elf:3    | Reached skill level 15 in Fighting
 43618 | Elf:2    | Learned a level 5 spell: Summon Mana Viper
 44481 | Elf:3    | Found Noysh's Book Boutique.
 44595 | Elf:3    | Noticed a Hell Sentinel
 44758 | Elf:3    | Found Yjodias's Antique Armour Shop.
 44766 | Elf:3    | Bought a pair of ichor-stained boots for 285 gold pieces
 44766 | Elf:3    | Identified the +2 pair of boots "Keucvoec" {+Inv rCorr
                  | Int-4 SInv} (You bought it in a shop on level 3 of the
                  | Elven Halls)
 45220 | Elf:3    | Identified the amulet "Xoylluu" {Reflect rC+ Str+4 Dex-4
                  | SH+5 SInv}
 45333 | Elf:3    | Noticed a Brimstone Fiend
 46678 | Elf:3    | Identified the +8 dagger "Kutaenai" {venom, Drain rC+
                  | Will+++ rCorr}
 47213 | Elf:3    | Identified the +3 shortbow of Cuost {heavy, Str+2}
 47223 | Elf:3    | Identified the +4 falchion "Mozix" {vamp, Fly Int+3 Dex-4
                  | SInv}
 47241 | Elf:3    | Identified the staff of Castri Enill {rPois rF+ Poison}
 47391 | Elf:3    | Bought a shiny buckler for 225 gold pieces
 47769 | Vaults:1 | Entered Level 1 of the Vaults
 47772 | Vaults:1 | Reached skill level 1 in Armour
 47979 | Vaults:1 | Reached XP level 19. HP: 69/124 MP: 16/39
 48178 | D:13     | Reached skill level 5 in Armour
 48847 | Vaults:1 | Reached skill level 15 in Spellcasting
 48883 | Vaults:1 | Reached skill level 10 in Evocations
 49704 | Vaults:1 | You fall into a shaft and drop 1 floor!
 49752 | Vaults:2 | Noticed Saint Roka
 50091 | Vaults:2 | Found a crumbling gateway.
 50099 | Desolati | Entered the Desolation of Salt
 50877 | Desolati | Reached skill level 15 in Summonings
 51096 | Desolati | Learned a level 7 spell: Monstrous Menagerie
 51557 | Desolati | Identified the ring "Bont" {rElec rC- rN++ EV+5 Dex-3}
 51560 | Desolati | Identified the +8 dagger "Ungodisur" {heavy, rPois}
 51636 | Desolati | Identified the amulet "Pisont" {RegenMP Drain Str+5}
 51648 | Desolati | Found the Hermit's Pendant {Faith Invo=14 Evo=0 MP+5}
 51653 | Desolati | Identified the +0 rapier of Etsydwic {venom, Contam rElec
                  | Str+9}
 51705 | Desolati | Reached XP level 20. HP: 46/129 MP: 7/41
 51994 | Vaults:2 | Killed Saint Roka
 52225 | Vaults:2 | Noticed Mennas
 52966 | Vaults:2 | Killed Mennas
 54379 | Vaults:3 | Bought a scroll of blinking for 165 gold pieces
 54379 | Vaults:3 | Bought a scroll of acquirement for 1144 gold pieces
 54379 | Vaults:3 | Bought a scroll of teleportation for 66 gold pieces
 54379 | Vaults:3 | Bought a scroll of teleportation for 66 gold pieces
 54380 | Vaults:3 | Acquired 882 gold pieces
 55041 | Vaults:3 | Found Muxzavax's Antique Armour Shop.
 55053 | Vaults:3 | Found a staircase to the Crypt.
 55109 | Vaults:3 | Bought a warped leather armour for 259 gold pieces
 55109 | Vaults:3 | Identified the +1 leather armour of Xuteseof {rC+ Will+
                  | Int+3} (You bought it in a shop on level 3 of the Vaults)
 55298 | Vaults:3 | Found Xyproes's General Store.
 55570 | Vaults:3 | Found Oppon's Weapon Shoppe.
 55584 | Vaults:3 | Bought a scroll of fog for 56 gold pieces
 55606 | Vaults:3 | Noticed Zenata
 55619 | Vaults:3 | why did I do that
 55911 | Vaults:3 | Killed Zenata
 56057 | Vaults:3 | Found Welukeuq's Antique Weapon Boutique.
 56277 | Vaults:3 | Bought encrusted acid dragon scales for 1665 gold pieces
 56277 | Vaults:3 | Identified the +1 acid dragon scales "Xaeshrel" {rN+ Regen+
                  | rCorr Int+3 Dex-3} (You bought it in a shop on level 3 of
                  | the Vaults)
 56317 | Vaults:4 | Found Plog's Armour Boutique.
 57155 | Vaults:4 | Found a portal to a secret trove of treasure.
 57706 | Vaults:4 | Reached XP level 21. HP: 112/142 MP: 12/42
 58386 | Depths:1 | Entered Level 1 of the Depths
 58514 | Depths:1 | Found Baca's Distillery.
 58613 | Depths:1 | Found a one-way gateway to a ziggurat.
 59608 | Depths:1 | Found a gateway to Hell.
 60627 | Depths:2 | Noticed a caustic shrike
 60643 | Depths:2 | Killed a caustic shrike
 61306 | Depths:2 | Found a radiant altar of Vehumet.
 63777 | Depths:3 | Noticed a golden dragon
 64329 | Depths:3 | Noticed Vv
 64381 | Depths:3 | Killed Vv
 64848 | Depths:3 | Learned a level 7 spell: Malign Gateway
 65301 | Depths:4 | Entered Level 4 of the Depths
 65385 | Depths:4 | Noticed a juggernaut
 65398 | Depths:4 | Killed a juggernaut
 65399 | Depths:4 | Reached XP level 22. HP: 121/152 MP: 15/44
 65519 | Depths:4 | Found Ypuway's Book Shop.
 65568 | Depths:4 | Found an iron altar of Okawaru.
 65715 | Depths:4 | Found Ustrusiyf's Armour Boutique.
 66462 | Depths:4 | Found Plog's Distillery.
 66470 | Depths:4 | Bought a potion of resistance for 180 gold pieces
 66559 | Depths:4 | Found a shadowy altar of Dithmenos.
 66774 | Depths:4 | Found a gate to the Realm of Zot.
 66899 | Depths:4 | Found Nigicra's Book Boutique.
 66919 | Depths:4 | Found Wurumaho's Armour Shoppe.
 68995 | Spider:3 | Killed Asterion
 70106 | Spider:4 | Killed Arachne
 70530 | Spider:4 | Reached skill level 10 in Translocations
 71192 | Spider:4 | Identified the scarf of Bitterness {rC+ rF+, Dex+5}
 71248 | Spider:4 | Got a gossamer rune of Zot
 71692 | Vaults:5 | Entered Level 5 of the Vaults
 72155 | Vaults:5 | Noticed a golden dragon
 72178 | Vaults:5 | Killed a golden dragon
 72306 | Vaults:5 | Found Hiumoty's Jewellery Boutique.
 72903 | Vaults:5 | Identified the ring of the Leaf {rF+ Will+ Stlth+}
 73371 | Vaults:5 | Identified the ring of the Three Ultimatums {Contam Fly
                  | rPois rF+ rCorr}
 73381 | Vaults:5 | Noticed a golden dragon
 73392 | Vaults:5 | Reached XP level 23. HP: 108/151 MP: 32/46
 73396 | Vaults:5 | Paralysed by a formless jellyfish for 1 turns
 73783 | Vaults:5 | Got a silver rune of Zot
 73804 | Vaults:5 | Reached skill level 10 in Armour
 74342 | Vaults:5 | Acquired 974 gold pieces
 74567 | Vaults:5 | Noticed a dread lich
 74572 | Vaults:5 | Killed a dread lich
 74822 | Vaults:5 | Noticed Sojobo
 75052 | Vaults:5 | Noticed Frederick
 75062 | Vaults:5 | Killed Frederick
 75232 | Vaults:5 | Killed Sojobo
 75267 | Vaults:5 | Learned a level 8 spell: Summon Horrible Things
 75363 | Vaults:3 | Bought the +3 robe "Fopug" {Archmagi} for 513 gold pieces
 75644 | Zot:1    | Entered Level 1 of the Realm of Zot
 75981 | Vaults:3 | Bought a scroll of revelation for 105 gold pieces
 76204 | D:10     | Bought a scroll of teleportation for 36 gold pieces
 76204 | D:10     | Bought a scroll of revelation for 90 gold pieces
 76633 | Zot:3    | Identified the "Evvuepil"
 76633 | Zot:3    | Identified the "Rirchav"
 76644 | Zot:3    | Identified the ring "Risk" {rN+ Will+ MP+9}
 76895 | Zot:4    | Noticed a curse toe
 76904 | Zot:4    | Killed a curse toe
 78004 | Zot:4    | Noticed a curse toe
 78200 | Zot:4    | Killed a curse toe
 78448 | Zot:4    | Noticed an orb of fire
 78461 | Zot:4    | Killed an orb of fire
 78932 | Zot:4    | Reached XP level 24. HP: 150/163 MP: 45/47
 79771 | Zot:5    | Entered Level 5 of the Realm of Zot
 79825 | Zot:5    | Found a huge runed gate.
 79825 | Zot:5    | Found a huge runed gate.
 79829 | Zot:5    | Found a huge runed gate.
 79829 | Zot:5    | Found a huge runed gate.
 79831 | Zot:5    | Found a huge runed gate.
 79832 | Zot:5    | Found a huge runed gate.
 79832 | Zot:5    | Found a huge runed gate.
 79832 | Zot:5    | Found a huge runed gate.
 79832 | Zot:5    | Found a huge runed gate.
 79833 | Zot:5    | Found a huge runed gate.
 79835 | Zot:5    | Found a huge runed gate.
 79852 | Zot:5    | Found a huge runed gate.
 79852 | Zot:5    | Found a huge runed gate.
 79852 | Zot:5    | Found a huge runed gate.
 79852 | Zot:5    | Found a huge runed gate.
 79852 | Zot:5    | Found a huge runed gate.
 79853 | Zot:5    | Found a huge runed gate.
 79853 | Zot:5    | Found a huge runed gate.
 79854 | Zot:5    | Found a huge runed gate.
 79855 | Zot:5    | Found a huge runed gate.
 79856 | Zot:5    | Found a huge runed gate.
 79857 | Zot:5    | Found a huge runed gate.
 79858 | Zot:5    | Found a huge runed gate.
 79866 | Zot:5    | Found a huge runed gate.
 79866 | Zot:5    | Found a huge runed gate.
 79866 | Zot:5    | Found a huge runed gate.
 79866 | Zot:5    | Found a huge runed gate.
 79869 | Zot:5    | Found a huge runed gate.
 79870 | Zot:5    | Found a huge runed gate.
 79871 | Zot:5    | Found a huge runed gate.
 79872 | Zot:5    | Found a huge runed gate.
 79873 | Zot:5    | Found a huge runed gate.
 79881 | Zot:5    | Found a huge runed gate.
 79881 | Zot:5    | Found a huge runed gate.
 79881 | Zot:5    | Found a huge runed gate.
 79881 | Zot:5    | Found a huge runed gate.
 79997 | Zot:5    | Noticed an ancient lich
 79997 | Zot:5    | Noticed an ancient lich
 79998 | Zot:5    | Found a runed translucent gate.
 79998 | Zot:5    | Found a runed translucent gate.
 79998 | Zot:5    | Found an ancient bone altar of Kikubaaqudgha.
 79998 | Zot:5    | Found a runed translucent gate.
 79998 | Zot:5    | Noticed an ancient lich
 79998 | Zot:5    | Noticed an ancient lich
 79998 | Zot:5    | Noticed totrandom's ghost (veteran MiFi)
 80463 | Zot:5    | Noticed a Killer Klown
 80465 | Zot:5    | Noticed an orb of fire
 80474 | Zot:5    | Noticed an orb of fire
 80476 | Zot:5    | Noticed an orb of fire
 80505 | Zot:5    | Noticed a Killer Klown
 80506 | Zot:5    | Got the Orb of Zot
 80523 | Zot:5    | Killed an ancient lich
 80526 | Zot:5    | Killed a dread lich
 80540 | Zot:5    | Killed a Killer Klown
 80559 | Zot:5    | Killed an ancient lich
 80569 | Zot:4    | Noticed a seraph
 81261 | D:1      | gg
 81262 | D:$      | Escaped with the Orb!

Illustrated notes ####### #######.....# #....##.###.# #....##.....# # #....##....## # #.)..###.#.# # #......@.#(# ### ##########.....####.#####<## ...........................# #.##########...###....(....# #.....######...###....#....# #####.#...##......###.#.g..# # #.##..##.#....#.+.##.### . #....[....###'#.####g# . #######....##.....#..# .. #...##+##.....+.### .. #.#.#...#.....#g..# Turn 7228 on D:5: I'm so dumb #.#################.## ###....................# ............#########.## ###.#######.# #.# ..#.......#.# #.# #.#.......#.#########.# ..........#.....##....# #.#.#####.#####.##.#### #.#......g#...#...<.# #.#................## ..............y.@..# ..#...........####.# #.#########.### #.# #)# #.# #.# )[#########.######.# ........Y..........# ###########.######## ......# #.#<# ..>...# #Y#.# ......# #Y#.# ......# #.#.# Turn 15177 on D:8: WTF #..# #..# #..# #..# #..# #..# #..# #..# #..# #..#########'# ## #.....@(c!.... .. #....(((...... .. #.......(a.... .. #............. .. #............. .. #............. ## #............. #............. Turn 55619 on Vaults:3: why did I do that

.....#.# #.# #.## .......#
###### #.# #..#
.....#####....####.# ##.#
.....###.......(##.# #.#
.....##....##....### #.#
##...#............# ##.##
##.##............## #...#
#.......####.....# #...#
#.....### ###...# #...#
#.###.# ##..# ##.##
#.##..### ###@..# #.#
###.##....####.....# #.#
#....#............#####.###
#.#.##............# #.....#
#.#####....##....####J....#
#.# ##........##........#
#.# ###....####.##.....#
#.# #######.#.##.....# #.#
#...######## #.# ##..# #.#
#..#


Turn 81261 on D:1: gg

Levels and vault maps discovered:
D:1:      minmay_arrival_loop, layout_loops_ring
D:2:      kennysheep_six_static_rooms, layout_loops_ring,
          chequers_serial_rivers_micro_d
D:3:      layout_basic, lemuel_zombie_altar_yredelemnul,
          mainiacjoe_sewer_entry_somewhere_in_here_2,
          hangedman_abyss_or_decor_stabs, kennysheep_decorative_pillar,
          minmay_stone_trees_small
D:4:      layout_loops_corners, nicolae_overflow_crystal_walls, uniq_natasha,
          uniq_pikel
D:5:      nicolae_cairo_tiling_large, layout_basic, mainiacjoe_overflow_catwalk,
          grunt_temple_overflow_diamond, temple_green, serial_park_tiny_2,
          nicolae_grassy_gnolls, uniq_crazy_yiuf_cottage, uniq_prince_ribbit1,
          uniq_ijyb
D:6:      layout_loops_cross, minivault_25
D:7:      layout_rooms, serial_shops, nicolae_shop_real_fake_doors, shop, shop,
          nicolae_shop_crystal, gammafunk_ghost_wrathful_warriors,
          minmay_splitting_lines, nicolae_wooded_promenade
D:8:      minmay_the_grid_triangle_9x9_recursive_2
          [minmay_the_grid_triangle_9x9_prize_center,
          minmay_the_grid_triangle_9x9_skeleton,
          minmay_the_grid_triangle_9x9_corrupted_corridor,
          minmay_the_grid_triangle_9x9_zippers_horizontal], layout_basic
D:9:      layout_roguey, david_orc_2, serial_shops, shop
D:10:     layout_gridville, nicolae_hepliaklqana_hazy_memory, serial_shops,
          nicolae_shop_pleasant_corner_grove, water_boxes_lemuel
D:11:     layout_cave_pods, gauntlet_entry_generic, uniq_josephine
D:12:     layout_loops_ring, minmay_fractal_squares_diagonal_5
D:13:     layout_roguey, erik_vaults_2, corexii_hall_statues_i
D:14:     minmay_tri_box, layout_cave_pools
D:15:     hellmonk_depths_entry_around_the_bend, layout_loops_ring, uniq_louise,
          uniq_rupert
Lair:1:   layout_layer_cave
Lair:2:   layout_long_grid, hellmonk_spider_entry_life_and_decay
Lair:3:   layout_cave_shapes, nicolae_swamp_entry_splash_gauntlet, st_stairs_7,
          worms_lemuel, grunt_megastairs_1, infiniplex_staircase_pool, uniq_urug
Lair:4:   layout_roguey, guppyfry_lair_drakes
Lair:5:   hellmonk_lair_end_abyssal_woods, layout_gridlike, slime_entry_1,
          grunt_megastairs_5, lemuel_fruit_fields
Swamp:1:  layout_basic_swamp, serial_swamp_ruin, evilmike_swamp_ruin_house_1,
          evilmike_swamp_ruin_rubble_2, evilmike_swamp_ruin_rubble_1
Swamp:2:  layout_falls_marsh, nicolae_swamp_some_circles, swamp_pool_1_2,
          nicolae_swamp_catching_bugs
Swamp:3:  layout_basic_swamp, evilmike_swamp_ruin_house_2,
          nicolae_swamp_decorative_isthmus
Swamp:4:  swamp_alternative, layout_basic_swamp
Spider:1: layout_cave_pods, hangedman_spider_tarantella_strand
Spider:2: layout_spider_delve
Spider:3: nicolae_spider_hall_of_the_moth_king, nicolae_spider_webs_and_nodes
Spider:4: grunt_spider_rune_circles, uniq_asterion, uniq_arachne
Orc:1:    layout_caves, ebering_ghost_inner_flame, uniq_snorg
Orc:2:    pf_orc_diabolical, layout_caves
Elf:1:    elf_arrival_001, layout_loops_cross, minivault_28, laboratory,
          uniq_aizul, uniq_norris
Elf:2:    nicolae_elf_blades_splatter_lattice
          [nicolae_blade_entry_area_security], layout_gridlike,
          gammafunk_ghost_abyssal_escape, grunt_ministairs_12,
          minmay_elf_necromancy, uniq_azrael
Elf:3:    minmay_elf_hall_statues, layout_gridlike, serial_shops,
          shop_fountains, shop, hangedman_elf_represent, uniq_bai_suzhen
Vaults:1: nicolae_vaults_big_angled_halls, vaults_mumra_minichess_inversion,
          grunt_vaults_hallway_long, v_rooms_1, grunt_vaults_hallway_long,
          v_rooms_6, nicolae_vaults_taking_the_gang_shopping,
          nicolae_vaults_tetromino_T_2, nicolae_vaults_trapezoid_4,
          ontoclasm_vaults_spin, vaults_standard_mumra_x,
          layout_vaults_omnicross, uniq_nikola
Vaults:2: portal_desolation_entry_ruin, hangedman_vaults_corner,
          nicolae_vaults_meiosis, ontoclasm_vaults_bender,
          nicolae_vaults_diamond_1, nicolae_vaults_trapezoid_2,
          nicolae_vaults_mush_room, v_alt_pattern_4, serial_ice_h,
          nicolae_vaults_border_crossing, nicolae_vaults_sesquioval_fish,
          v_misc_32, nicolae_vaults_six-pack, vaults_room_hallway,
          layout_vaults_omnibox, uniq_mennas, uniq_saint_roka
Vaults:3: minmay_crypt_entry_nasty_monster, nicolae_vaults_apartment_2,
          v_pattern_4, nicolae_vaults_shipping_containers_7,
          nicolae_vaults_little_squares_6, v_misc_24,
          vaults_dpeg_emergency_exit, vaults_room_fours, layout_vaults_omnigrid,
          serial_shops, shop, shop, shop, shop, uniq_zenata
Vaults:4: ontoclasm_vaults_misaligned, ontoclasm_vaults_ligature,
          nicolae_vaults_heist, nicolae_vaults_closet_pinwheel_3,
          ontoclasm_vaults_fault, nicolae_vaults_asterisk,
          nicolae_vaults_angled_halls, nicolae_vaults_more_shelving_1,
          nicolae_vaults_trapezoid_3, nicolae_vaults_crenellated_ambush,
          layout_vaults_chaotic_city, serial_shops, shop, enter_trove_2
Vaults:5: uniq_sojobo, uniq_frederick
Depths:1: layout_basic, enter_ziggurat_a, kennysheep_path_1, hellmouth_1,
          rand_demon_pan_entry_1, serial_shops, shop,
          minmay_misc_feat_secret_circle, kilobyte_mutagenic_chamber
Depths:2: hangedman_cross_cluster, layout_gridlike, hell_entry,
          serial_sigils_hangedman_snap, pan_entry
Depths:3: evilmike_halls_of_destruction, layout_gridlike, nicolae_eternal_life,
          abyss_entry, hell_entry, uniq_vv
Depths:4: evilmike_zot_entry_basic, layout_gridlike, pf_coc_iceberg,
          rand_demon_pan_entry_9, serial_shops, shop, nicolae_shop_trees, shop,
          shop, shop, okawaru_gym_becter, abyss_entry,
          nicolae_dithmenos_through_a_glass_darkly
Zot:1:    layout_onion, gammafunk_ghost_arena
Zot:2:    lemuel_draconian_sentries_small, layout_twisted_circle
Zot:3:    layout_gridlike, uniq_josephina
Zot:4:    grunt_zot_stairs_mandelzot, layout_cathedral_of_symmetry,
          grunt_ministairs_3, regret_index_zotdec_glowing_original,
          nicolae_tricolors
Zot:5:    layout_twisted_circle, gammafunk_ghost_crypt, drop_trap, door_vault

Skill      XL: |  1  2  3  4  5  6  7  8  9 10 11 12 13 14 15 16 17 18 19 20 21 22 23 24 |
---------------+-------------------------------------------------------------------------+-----
Stealth        | 2 3 6 |  6.0
Fighting       | 2 3 4 5 8 10 12 14 15 18 20 | 20.0
Translocations | 4 5 6 13 | 13.0
Dodging        | 3 4 6 8 10 12 14 16 17 20 | 20.0
Short Blades   | 3 4 7 8 |  8.0
Evocations     | 3 5 9 10 11 12 | 12.8
Fire Magic     | 4 6 8 |  8.3
Spellcasting   | 5 7 10 12 14 15 16 17 18 19 | 19.6
Conjurations   | 5 |  5.4
Ranged Weapons | 5 14 | 14.0
Shields        | 2 5 6 |  6.0
Summonings     | 5 10 15 16 17 18 | 18.6
Hexes          | 7 13 14 | 14.0
Transmutations | 5 7 |  7.0
Armour         | 4 7 9 11 | 11.0
Throwing       | |  1.0

Action                     |  1- 3 |  4- 6 |  7- 9 | 10-12 | 13-15 | 16-18 | 19-21 | 22-24 || total
---------------------------+-------+-------+-------+-------+-------+-------+-------+-------++-------
  Melee: Short sword       |   181 |   469 |    75 |       |       |       |       |       ||   725
         Punch             |     1 |     3 |     4 |     2 |       |       |       |       ||    10
         Dagger            |       |       |   326 |   122 |       |       |       |       ||   448
         Rapier            |       |       |     2 |    16 |       |       |       |       ||    18
   Fire: Greatsling        |       |       |       |   447 |  1451 |  1848 |  2270 |  1672 ||  7688
  Throw: Dart              |     2 |       |     1 |       |       |       |       |       ||     3
   Cast: Teleport Other    |       |     5 |    12 |    16 |     1 |       |       |       ||    34
         Volatile Blastmot |       |     1 |    22 |    29 |       |       |       |       ||    52
         Blink             |       |       |     3 |     4 |     3 |     1 |     1 |     8 ||    20
         Foxfire           |       |       |       |     3 |       |       |       |       ||     3
         Summon Forest     |       |       |       |       |       |    14 |    14 |     2 ||    30
         Yara's Violent Un |       |       |       |       |       |    61 |    81 |    35 ||   177
         Summon Mana Viper |       |       |       |       |       |     4 |    19 |     1 ||    24
         Monstrous Menager |       |       |       |       |       |       |    62 |   133 ||   195
         Malign Gateway    |       |       |       |       |       |       |       |    10 ||    10
         Summon Horrible T |       |       |       |       |       |       |       |     1 ||     1
 Invoke: Potion Petition   |       |       |       |     2 |       |     3 |     5 |     1 ||    11
         Call Merchant     |       |       |       |       |       |     2 |     2 |       ||     4
         Bribe Branch      |       |       |       |       |       |       |       |     3 ||     3
  Evoke: Wand              |       |     2 |     2 |     8 |       |     5 |     1 |     8 ||    26
         Lightning rod     |       |       |       |     6 |     1 |       |     2 |       ||     9
         Phantom mirror    |       |       |       |     1 |       |     1 |     1 |       ||     3
         Sack of spiders   |       |       |       |       |     1 |     2 |     1 |     1 ||     5
         Phial of floods   |       |       |       |       |     1 |       |     1 |     1 ||     3
    Use: Scroll            |     2 |     4 |     8 |    13 |     9 |    11 |    10 |    13 ||    70
         Potion            |       |     1 |       |     3 |     1 |     3 |     5 |    12 ||    25
   Stab: Sleeping          |     5 |     4 |     4 |     1 |       |       |       |       ||    14
         Distracted        |       |       |     1 |       |       |       |       |       ||     1
 Armour: Leather armour    |    66 |   177 |   148 |   174 |   120 |       |   279 |   372 ||  1336
         Robe              |       |       |       |    18 |    53 |   360 |   210 |    67 ||   708
  Dodge: Dodged            |    94 |   275 |   194 |   191 |   330 |   559 |   717 |   715 ||  3075
  Block: Buckler           |       |       |       |    73 |   189 |   242 |   356 |   354 ||  1214

Table legend: (Time is in decaauts)
 A = Elapsed time spent in this place.
 B = Non-inter-level travel time spent in this place.
 C = Inter-level travel time spent in this place.
 D = Time resting spent in this place.
 E = Time spent auto-exploring this place.
 F = Levels seen in this place.
 G = Mean time per level.
                   A        B        C        D        E       F      G
               +--------+--------+--------+--------+--------+-----+--------+
         Total |  79682 |  73432 |   6250 |  22307 |  32325 |  50 | 1593.6 |
       Dungeon |  25726 |  22928 |   2798 |   5064 |  12373 |  15 | 1715.1 |
          Lair |   6763 |   6022 |    741 |    769 |   3855 |   5 | 1352.6 |
         Swamp |   3307 |   3154 |    153 |    618 |   1815 |   4 |  826.8 |
   Spider Nest |   7354 |   6857 |    497 |   2753 |   2674 |   4 | 1838.5 |
  Orcish Mines |   1843 |   1569 |    274 |    327 |    854 |   2 |  921.5 |
   Elven Halls |   6432 |   6034 |    398 |   2693 |   1915 |   3 | 2144.0 |
        Vaults |  11730 |  11162 |    568 |   3772 |   4065 |   5 | 2346.0 |
        Depths |   8840 |   8190 |    650 |   3374 |   3073 |   4 | 2210.0 |
           Zot |   4215 |   4047 |    168 |   1335 |   1073 |   5 |  843.0 |
         Sewer |    811 |    811 |      0 |    315 |     56 |   1 |  811.0 |
    Desolation |   1771 |   1771 |      0 |    806 |    450 |   1 | 1771.0 |
      Gauntlet |    886 |    886 |      0 |    477 |    121 |   1 |  886.0 |
               +--------+--------+--------+--------+--------+-----+--------+

Top non-repeatable levels by time:
Spider:3: 3846 daAuts
Vaults:5: 3435 daAuts
   Elf:3: 3236 daAuts
     D:7: 3074 daAuts
   Zot:4: 2890 daAuts
Depths:2: 2834 daAuts
Vaults:2: 2747 daAuts
     D:8: 2576 daAuts
     D:4: 2561 daAuts
Vaults:3: 2192 daAuts
    D:13: 2149 daAuts
Depths:1: 2142 daAuts
Depths:3: 2127 daAuts
    D:11: 2092 daAuts
     D:6: 2025 daAuts
